 Dungeon Crawl Stone Soup version 0.18.1-48-g4cf74bf (webtiles) character file.

151 dvd the Skirmisher (level 5, -8/79 HPs)
             Began as a Troll Berserker on Aug 2, 2016.
             Was a Believer of Trog.
             Mangled by a hippogriff (10 damage)
             ... on level 7 of the Dungeon.
             The game lasted 00:03:45 (1545 turns).

dvd the Skirmisher (Troll Berserker)                Turns: 1545, Time: 00:03:47

Health: -8/79      AC:  5    Str: 30    XL:     5   Next: 11%
Magic:  4/4        EV:  7    Int:  3    God:    Trog [**....]
Gold:   86         SH:  8    Dex: 10    Spells: 0 memorised, 4 levels left

rFire  . . .     SeeInvis .     e - -1 hand axe (curse)
rCold  . . .     Gourm    +     b - +0 animal skin
rNeg   . . .     Faith    .     p - +0 shield (curse)
rPois  .         Spirit   .     (helmet restricted)
rElec  .         Dismiss  .     (no cloak)
rCorr  .         Reflect  .     (gloves unavailable)
SustAt .         Harm     .     (boots unavailable)
MR     .....                    (no amulet)
Stlth  ..........               (no ring)
                                (no ring)

@: berserking (expiring), very quick, not resistant to hostile enchantments,
extremely unstealthy
A: unfitting armour, claws 3, fast metabolism 3, gourmand, regeneration 2,
shaggy fur 1, tough skin 2
a: Berserk, Trog's Hand, Burn Spellbooks, Renounce Religion


You were on level 7 of the Dungeon.
You worshipped Trog.
Trog was pleased with you.
You were very full.

You visited 1 branch of the dungeon, and saw 5 of its levels.

You collected 86 gold pieces.

Inventory:

Hand Weapons
 a - a +0 mace
 e - a cursed -1 hand axe (weapon)
Missiles
 g - 59 stones (quivered)
Armour
 b - a +0 animal skin (worn)
 p - a cursed +0 shield (worn)
Scrolls
 d - a scroll of random uselessness {unknown}
 f - 3 scrolls of remove curse {unknown}
 l - a scroll of enchant weapon {unknown}
 m - a scroll of identify {unknown}
 q - a scroll of amnesia {unknown}
Potions
 h - a potion of heal wounds {unknown}
 k - a potion of lignification {unknown}
 n - a potion of degeneration {unknown}
Comestibles
 c - 4 bread rations
 i - 2 beef jerkies
 j - 2 fruits
 o - 3 chunks of flesh


   Skills:
 + Level 3.4 Fighting
 + Level 0.7(2.0) Axes
 + Level 3.3(3.4) Maces & Flails
 + Level 0.1 Throwing
 + Level 3.3 Dodging
 + Level 0.3 Stealth


You had 4 spell levels left.
You didn't know any spells.

Dungeon Overview and Level Annotations

Branches:
Dungeon (7/15)
 Temple: D:4-7

Altars:
Xom

Annotations:
D:6 Sigmund


Innate Abilities, Weirdness & Mutations

You are too large for most types of armour.
You have claws for hands.
Your metabolism is lightning-fast.
You like to eat raw meat.
You heal very quickly.
You are covered in fur (AC +1).
You have very tough skin (AC +2).


Message History

The hippogriff claws you but does no damage.
You hit the hippogriff.
The hippogriff is almost dead.
You hit the orc but do no damage. You barely miss the ogre.
The ogre is almost dead.
The hippogriff bites you.
* * * LOW HITPOINT WARNING * * *
You block the hippogriff's attack. The hippogriff claws you!
* * * LOW HITPOINT WARNING * * *
The ogre barely misses you. You block the orc warrior's attack.
The orc hits you with a hand axe.
* * * LOW HITPOINT WARNING * * *
You barely miss the ogre.
The ogre is almost dead.
You hit the orc.
The orc is severely wounded.
Your shield prevents you from hitting the hippogriff.
The hippogriff is almost dead.
The hippogriff bites you!
You die...

.........###
..........#
#.........#
#..o.....(#
####.....$...#
.>...o.o.....#
#.ZOH.....#
#.o@.....#
#..<.....#
#........#
#...######
###.# #.# ..#
... ...


You could see a hippogriff, an orc warrior, an ogre, 3 orcs and a giant frog
zombie.

Vanquished Creatures
  2 jellies (D:2)
  2 adders (D:2)
  4 gnolls (D:3)
  A worm (D:2)
  2 dart slugs (D:1)
  2 ball pythons
  A bat (D:2)
  2 giant cockroaches
  2 goblins (D:2)
  2 hobgoblins
  6 kobolds
  A sheep (D:2)
  A giant newt (D:2)
  7 rats
35 creatures vanquished.

Notes
Turn   | Place    | Note
--------------------------------------------------------------
     0 | D:1      | dvd the Troll Berserker began the quest for the Orb.
     0 | D:1      | Reached XP level 1. HP: 22/22 MP: 0/0
   347 | D:1      | Reached XP level 2. HP: 29/29 MP: 1/1
   837 | D:2      | Reached XP level 3. HP: 22/36 MP: 2/2
   865 | D:2      | Found a shimmering altar of Xom.
   899 | D:2      | Reached XP level 4. HP: 30/45 MP: 3/3
  1193 | D:2      | Reached ** piety under Trog
  1421 | D:3      | Reached XP level 5. HP: 53/53 MP: 4/4
  1528 | D:3      | You fall through a shaft for 3 floors!
  1528 | D:6      | Noticed Sigmund
  1528 | D:6      | Noticed a black bear
  1531 | D:7      | Noticed a hippogriff
  1535 | D:7      | Noticed an ogre
  1536 | D:7      | Noticed an orc warrior
  1544 | D:7      | HP: 1/79 [orc/hand axe (4)]
  1545 | D:7      | Mangled by a hippogriff

Skill      XL: |  1  2  3 |
---------------+----------+-----
Maces & Flails | 3 |  3.3
Fighting       | 3 |  3.4
Dodging        | 3 |  3.3
Axes           | |  0.7
Throwing       | |  0.1
Stealth        | |  0.3

Action                   |  1- 3 |  4- 6 || total
-------------------------+-------+-------++-------
Melee: Hand axe          |    63 |    79 ||   142
       Mace              |     6 |       ||     6
Throw: Stone             |       |    10 ||    10
Invok: Berserk           |       |     2 ||     2
 Stab: Distracted        |     1 |       ||     1
  Eat: Chunk             |    10 |    11 ||    21
Armor: Animal skin       |    25 |    32 ||    57
Dodge: Dodged            |    39 |    37 ||    76
Block: Shield            |       |    10 ||    10
